 Dungeon Crawl Stone Soup version 0.30.1-11-g7821555f0a (webtiles) character file.

Game seed: 15578872960570540554

168 BillyBaka the Shooter (level 5, -2/42 HPs)
             Began as a Formicid Hunter on Dec 11, 2023.
             Slain by a bullfrog (6 damage)
             ... in a sewer.
             The game lasted 00:07:25 (1364 turns).

BillyBaka the Shooter (Formicid Hunter)             Turns: 1364, Time: 00:07:26

Health: -2/42      AC:  3    Str: 15    XL:     5   Next: 77%
Magic:  5/5        EV: 12    Int:  9    God:
Gold:   136        SH:  0    Dex: 19    Spells: 4/4 levels left

rFire   . . .        a - +1 shortbow
rCold   . . .        (no shield)
rNeg    + . .        c - +0 leather armour
rPois   .            (helmet unavailable)
rElec   .            (no cloak)
rCorr   .            (no gloves)
SInv    +            (no boots)
Will    .....        (no amulet)
Stlth   +            i - ring of positive energy
HPRegen 0.27/turn    (no ring)
MPRegen 0.09/turn

%: no passive effects
@: brilliant, silenced, very slow
A: permanent stasis, dig shafts and tunnels, antennae 3, four strong arms
a: Dig


You were in a sewer.
You visited 1 branch of the dungeon, and saw 3 of its levels.
You also visited: Sewer.

You collected 136 gold pieces.

Inventory:

Hand Weapons
 a - a +1 shortbow (weapon)
Armour
 c - a +0 leather armour (worn)
Jewellery
 i - a ring of positive energy (left hand)
Scrolls
 b - a scroll of immolation
 h - a scroll of vulnerability {unknown}
 k - a scroll of magic mapping {unknown}
Potions
 g - a potion of degeneration
 j - a potion of mutation


   Skills:
 + Level 3.7 Fighting
 * Level 5.9 Ranged Weapons
 - Level 1.7 Dodging
 - Level 1.2 Stealth


You had 4 spell levels left.
You didn't know any spells.
Your spell library was empty.

Dungeon Overview and Level Annotations

Branches:
Dungeon (3/15)              Sewer (1/1)

Altars:


Innate Abilities, Weirdness & Mutations

You cannot be hasted, slowed, berserked, paralysed or teleported.
You can dig through walls and to a lower floor.
You have a pair of large antennae on your head. (SInv)
Your four strong arms can wield two-handed weapons with a shield.


Message History

g - a potion of degeneration The bullfrog closely misses you.
The bullfrog hits you but does no damage.
The bullfrog hits you.
It was a potion of haste.
Your stasis prevents you from being hasted.
The bullfrog hits you but does no damage.
The bullfrog barely misses you. The bullfrog completely misses you.
As you read the scroll labelled TEG REMILLIR, it crumbles to dust.
Your stasis prevents you from teleporting.
It was a scroll of blinking.
The bullfrog hits you. x3
Okay, then.
It was a potion of brilliance.
You feel clever all of a sudden. The bullfrog barely misses you.
The bullfrog hits you!
* * * LOW HITPOINT WARNING * * *
The bullfrog barely misses you.
You shoot an arrow. The arrow hits the bullfrog.
The bullfrog is lightly wounded.
The bullfrog completely misses you. The bullfrog barely misses you.
The bullfrog closely misses you.
The bullfrog hits you but does no damage.
It was a potion of curing.
You feel better. The bullfrog closely misses you.
The bullfrog hits you but does no damage. x2
You shoot an arrow. The arrow hits the bullfrog.
The bullfrog is moderately wounded.
The bullfrog hits you. The bullfrog closely misses you. The bullfrog hits you.
As you read the scroll labelled FEDEAH LESIJIY, it crumbles to dust.
It is a scroll of enchant weapon.
Your +0 shortbow glows red for a moment.
The bullfrog hits you!
* * * LOW HITPOINT WARNING * * *
The bullfrog hits you.
* * * LOW HITPOINT WARNING * * *
The bullfrog barely misses you.
The bullfrog hits you but does no damage.
As you read the scroll labelled KEAREGE DIYNNU, it crumbles to dust.
A profound silence engulfs you.
It was a scroll of silence.
The bullfrog hits you.
You die...

#.~≈≈~~~~≈≈≈~~≈~~~~~~~~~
#.~≈~~..~~~~≈≈~≈~~......
#.~≈~.~≈≈≈≈≈~~≈≈≈≈≈≈≈~##
#~~≈~.~≈≈≈≈≈≈≈≈≈≈≈≈≈~≈≈≈
#~~≈~~~≈≈≈≈~.~~≈≈≈≈≈≈~≈≈
#~~≈~~~≈≈≈~~~~~~~≈≈≈≈≈≈≈
#~~≈~~≈≈≈~≈≈.~~.?.≈≈≈≈≈≈
#~~≈~~~≈~≈≈~.~.:$[.≈≈≈≈≈
#~~≈~≈≈@F≈~~~.~[!.~~≈≈≈≈
#~~≈≈≈≈≈F≈....≈≈.~.≈≈≈≈≈
#~~≈≈≈#≈≈~~∩.≈≈≈≈≈≈≈≈≈≈≈
#~~≈≈≈##≈≈≈~≈≈≈≈≈≈≈≈≈≈≈#
#†~≈≈≈# ##≈≈≈≈≈ {
#.~≈≈~# ###≈≈ #.~≈~.# #
#.~≈≈~# #.~≈~~#


You could see 2 bullfrogs.

Vanquished Creatures
  A sleepcap (D:2)
  Jessica (D:2)
  4 adders
  A river rat (D:3)
  A worm (D:2)
  5 ball pythons
  5 endoplasms
  3 giant cockroaches (Sewer)
  6 goblins
  2 hobgoblins (D:2)
  7 jackals (D:1)
  2 kobolds
  10 quokkas
  A bat (D:2)
  11 frilled lizards (Sewer)
  4 rats
64 creatures vanquished.

Notes
Turn   | Place    | Note
-------+----------+-------------------------------------------
     0 | D:1      | BillyBaka the Formicid Hunter began the quest for the Orb.
     0 | D:1      | Reached XP level 1. HP: 16/16 MP: 1/1
    45 | D:1      | Reached XP level 2. HP: 23/23 MP: 2/2
   298 | D:1      | Reached XP level 3. HP: 28/28 MP: 3/3
   541 | D:2      | Reached skill level 5 in Ranged Weapons
   541 | D:2      | Reached XP level 4. HP: 35/35 MP: 4/4
   566 | D:2      | Noticed Jessica
   571 | D:2      | Killed Jessica
   804 | D:2      | Reached XP level 5. HP: 38/41 MP: 5/5
  1122 | D:3      | Found a glowing drain.
  1126 | Sewer    | Entered a sewer
  1351 | Sewer    | Noticed a bullfrog
  1353 | Sewer    | Noticed a bullfrog
  1364 | Sewer    | Slain by a bullfrog

Illustrated notes

Levels and vault maps discovered:
D:1:      erik_arrival_orb_chamber, layout_basic
D:2:      layout_basic, uniq_jessica
D:3:      layout_loops_ring, gup_sewer_entry_bowl, dk_noncrumbling_3,
          serial_bayou_ford_a, bh_walls_and_bars
Sewer:    sewer_frog_island_01

Skill      XL: |  1  2  3 |
---------------+----------+-----
Fighting       | 3 |  3.7
Ranged Weapons | 5 |  5.9
Dodging        | |  1.7
Stealth        | |  1.2

Action                     |  1- 3 |  4- 6 || total
---------------------------+-------+-------++-------
   Fire: Shortbow          |    63 |    95 ||   158
    Use: Scroll            |       |     5 ||     5
         Potion            |       |     3 ||     3
 Armour: Leather armour    |     3 |     7 ||    10
  Dodge: Dodged            |    12 |    18 ||    30
